 Dungeon Crawl Stone Soup version 0.20-a0-501-g0de2c2e (webtiles) character file.

5506 Jmtri7 the Nimble (level 10, -16/70 HPs)
             Began as a Merfolk Monk on Jan 20, 2017.
             Was a Priest of Fedhas.
             Killed from afar by GenericOverusedName's ghost (23 damage)
             ... with a bolt of negative energy
             ... on level 10 of the Dungeon.
             The game lasted 00:36:38 (11131 turns).

Jmtri7 the Nimble (Merfolk Monk)                   Turns: 11131, Time: 00:36:39

Health: -16/70     AC: 10    Str: 12    XL:     10   Next: 70%
Magic:  10/10      EV: 23    Int:  9    God:    Fedhas [***...]
Gold:   516        SH:  0    Dex: 20    Spells: 9/9 levels left

rFire    . . .     SeeInvis .   a - +1 falchion
rCold    . . .     Gourm    .   b - +2 robe
rNeg     . . .     Faith    +   (no shield)
rPois    +         Spirit   .   B - +0 helmet (curse)
rElec    .         Reflect  .   s - +2 cloak
rCorr    .         Harm     .   n - +1 pair of gloves (curse)
MR       +....                  (no boots)
Stlth    +++.......             i - amulet of faith
Regen    0.3/turn               v - ring of stealth
                                g - ring of poison resistance

@: drained
A: change form in water, swift swim, stealthy swim, magic resistance 1
a: Fungal Bloom, Evolution, Sunlight, Growth, Renounce Religion


You were on level 10 of the Dungeon.
You worshipped Fedhas.
Fedhas was most pleased with you.
You were hungry.

You visited 2 branches of the dungeon, and saw 11 of its levels.

You collected 516 gold pieces.

Inventory:

Hand Weapons
 a - a +1 falchion (weapon)
 D - a +0 long sword
Armour
 b - a +2 robe (worn)
 n - a cursed +1 pair of gloves (worn)
 s - a +2 cloak (worn)
 B - a cursed +0 helmet (worn)
 C - a +0 cloak of magic resistance
Jewellery
 g - a ring of poison resistance (left hand)
 i - an amulet of faith (around neck)
 p - an uncursed ring of protection from magic
 u - an uncursed ring of positive energy
 v - a ring of stealth (right hand)
 z - an uncursed ring of protection from magic
Wands
 A - a wand of disintegration (11/24)
Scrolls
 d - 2 scrolls of teleportation
 k - 6 scrolls of remove curse
 m - 3 scrolls of recharging
 t - a scroll of magic mapping
Potions
 e - a potion of cancellation
 j - 4 potions of curing
 r - a potion of brilliance
 w - a potion of invisibility
 x - 2 potions of flight
Books
 f - a book of Cantrips

   Spells                             Type                      Level
   a - Confusing Touch                Hexes                        1
   b - Animate Skeleton               Necromancy                   1
   c - Summon Small Mammal            Summoning                    1
   d - Apportation                    Translocation                1
 y - a book of Maledictions

   Spells                             Type                      Level
   a - Corona                         Hexes                        1
   b - Ensorcelled Hibernation        Hexes/Ice                    2
   c - Confuse                        Hexes                        3
   d - Tukima's Dance                 Hexes                        3
   e - Dazzling Spray                 Conjuration/Hexes            3
Comestibles
 c - 7 bread rations
 l - 7 beef jerkies
 o - 11 slices of pizza
 q - 5 meat rations


   Skills:
 - Level 3.2(2.1) Fighting
 + Level 11.7(10.4) Long Blades
 - Level 14.7(13.2) Dodging
 - Level 2.1(1.1) Stealth


You had 9 spell levels left.
You didn't know any spells.

Dungeon Overview and Level Annotations

Branches:
Dungeon (10/15)            Temple (1/1) D:5
   Lair: D:8-11         Orc: D:9-12

Altars:
Ashenzari
Dithmenos
Fedhas
Gozag
Hepliaklqana
Kikubaaqudgha
Makhleb
Nemelex Xobeh
Okawaru
Ru
Sif Muna
Trog
Uskayaw
Vehumet
Xom
Yredelemnul

Shops:
D:7 *

Annotations:
D:10 GenericOverusedName's ghost, journeyman DrTm


Innate Abilities, Weirdness & Mutations

You revert to your normal form in water.
You are very nimble and swift while swimming.
You are very stealthy in the water. (Stealth+)
You are resistant to hostile enchantments. (MR+)


Message History

GenericOverusedName's ghost is moderately damaged.
GenericOverusedName's ghost barely misses you.
You riposte.
You barely miss GenericOverusedName's ghost.
GenericOverusedName's ghost is moderately damaged.
GenericOverusedName's ghost breathes negative energy at you.
The bolt of negative energy misses you.
GenericOverusedName's ghost breathes negative energy at you.
The bolt of negative energy misses you.
GenericOverusedName's ghost breathes negative energy at you.
The bolt of negative energy hits you!
You feel drained.
* * * LOW HITPOINT WARNING * * *
All of the chunks of flesh in your inventory have rotted away.
GenericOverusedName's ghost screams, "You must not fail where I succeeded!"
There is an open door here.
There is a stone staircase leading up here.
GenericOverusedName's ghost breathes negative energy at you.
The bolt of negative energy hits you!
You feel drained.
You die...
Fedhas appreciates your contribution to the ecosystem.

##....##.### ## #....##.#
#. #....##.# #. #....##.#
#########. +....##.#
##########.........
#....##.#
#.......##.########
#....##)######.......##.#
######
#....##.#....#.......##.#
#.....
##.#.##.#.@.....##.#
#.####
#..#.##.#.......##.###.#
#.##....'.......'....#.#
#.#####W#......>######.#
#.......####'#### #.#
######### #.# #.# #.# #.#
#.#########.####
#...............


You could see GenericOverusedName's ghost.

Vanquished Creatures
  A troll (D:9)
  3 hippogriffs
  4 hogs (D:9)
  A human (D:9)
  A hungry ghost (D:9)
  A steam dragon (D:10)
  Menkaure (D:4)
  Duvessa (D:4)
  2 sky beasts
  An orc warrior (D:8)
  An eye of draining (D:8)
  3 ice beasts
  3 phantoms
  3 ogres
  The ghost of Jmtri7 the Slasher, an amateur MfMo (D:3)
  4 centaurs
  A big kobold (D:7)
  4 bullfrogs
  Dowan (D:4)
  A scorpion (D:8)
  9 killer bees (D:8)
  A howler monkey (D:3)
  4 crimson imps
  A bullfrog zombie (D:8)
  A quasit (D:6)
  7 hounds
  2 bullfrog skeletons
  A centaur skeleton (D:7)
  5 orc wizards
  4 iguanas
  A gnoll shaman (D:5)
  6 worker ants
  3 hound skeletons
  4 adders
  10 gnolls (D:6)
  A howler monkey skeleton (D:5)
  A shadow imp (D:7)
  3 oozes
  A worm (D:2)
  3 dart slugs
  5 leopard geckos
  22 orcs
  10 giant cockroaches
  10 goblins
  6 hobgoblins
  8 jackals
  12 kobolds
  4 quokkas
  A ball python (D:2)
  8 bats
  3 frilled lizards
  2 jackal skeletons (D:4)
  A leopard gecko skeleton (D:7)
  6 rats
204 creatures vanquished.

Vanquished Creatures (others)
  40 toadstools
40 creatures vanquished.

Grand Total: 244 creatures vanquished

Notes
Turn   | Place    | Note
-------+----------+-------------------------------------------
     0 | D:1      | Jmtri7 the Merfolk Monk began the quest for the Orb.
     0 | D:1      | Reached XP level 1. HP: 18/18 MP: 1/1
   338 | D:1      | Reached XP level 2. HP: 24/24 MP: 2/2
   400 | D:1      | Reached skill level 5 in Dodging
   720 | D:1      | Reached XP level 3. HP: 29/29 MP: 3/3
  1219 | D:2      | Reached skill level 6 in Dodging
  1257 | D:2      | Found an opulent altar of Gozag.
  1775 | D:2      | Reached XP level 4. HP: 35/35 MP: 4/4
  1857 | D:3      | Reached skill level 7 in Dodging
  1857 | D:3      | Reached XP level 5. HP: 25/41 MP: 5/5
  2287 | D:3      | Noticed Jmtri7's ghost (amateur MfMo)
  2318 | D:3      | Killed Jmtri7's ghost
  2318 | D:3      | Reached skill level 8 in Dodging
  2318 | D:3      | Reached XP level 6. HP: 31/47 MP: 6/6
  2611 | D:3      | Reached skill level 9 in Dodging
  2818 | D:4      | Noticed Duvessa
  2841 | D:4      | Noticed Dowan
  2866 | D:4      | Killed Duvessa
  3010 | D:4      | Killed Dowan
  3010 | D:4      | Reached skill level 10 in Dodging
  3010 | D:4      | Reached XP level 7. HP: 50/52 MP: 7/7
  3169 | D:4      | Found a radiant altar of Vehumet.
  3169 | D:4      | Found a bloodstained altar of Trog.
  3170 | D:4      | Found a burning altar of Makhleb.
  3216 | D:4      | Found a shadowy altar of Dithmenos.
  3293 | D:4      | Noticed Menkaure
  3603 | D:4      | Killed Menkaure
  3784 | D:3      | Reached skill level 11 in Dodging
  4219 | D:5      | Entered Level 5 of the Dungeon
  4256 | D:5      | Found a staircase to the Ecumenical Temple.
  4267 | Temple   | Entered the Ecumenical Temple
  4276 | Temple   | Became a worshipper of Fedhas Madash
  4276 | Temple   | Reached * piety under Fedhas
  4276 | Temple   | Reached ** piety under Fedhas
  4493 | D:5      | Reached XP level 8. HP: 58/58 MP: 8/8
  4967 | D:6      | Reached skill level 12 in Dodging
  5844 | D:6      | Found a shimmering altar of Xom.
  5909 | D:6      | Reached skill level 13 in Dodging
  6098 | D:6      | Found a basalt altar of Yredelemnul.
  7122 | D:7      | Reached skill level 14 in Dodging
  7190 | D:7      | Reached XP level 9. HP: 58/64 MP: 9/9
  7780 | D:7      | Reached skill level 5 in Long Blades
  7785 | D:7      | Gained mutation: You are frail. (-10% HP) [mutagenic meat]
  7785 | D:7      | Lost mutation: You are frail. (-10% HP) [potion of cure mutation]
  7834 | D:7      | Found Vicawyef's General Store.
  8886 | D:8      | Reached XP level 10. HP: 70/70 MP: 0/10
  8993 | D:8      | Gained mutation: You are resistant to hostile enchantments. (MR+) [potion of beneficial mutation]
  9237 | D:8      | Reached *** piety under Fedhas
  9510 | D:9      | Reached skill level 10 in Long Blades
  9916 | D:9      | Found an ancient bone altar of Kikubaaqudgha.
 10150 | D:9      | Found a shattered altar of Ashenzari.
 10782 | D:10     | Entered Level 10 of the Dungeon
 11053 | D:10     | Noticed GenericOverusedName's ghost (journeyman DrTm)
 11131 | D:10     | Killed from afar by GenericOverusedName's ghost

Vault maps used:
D:1:      evilmike_arrival_hilbert_curve
D:2:      nicolae_overflow_crystal_walls
D:4:      grunt_dithmenos_smoke, grunt_temple_overflow_open, first_bread,
          uniq_duvessa, uniq_menkaure
D:6:      overflow_temple_1_default, basic_altar, hangedman_decor_growths
D:7:      serial_shops, shop_statue
D:9:      cheibrodos_ashenzari_chains, lemuel_crystal_altar, grunt_livestock,
          kennysheep_doodads, lemuel_flamethrower_hall
D:10:     dpeg_oklobed_lair, grunt_qazlal_sundering
Temple:   dshaligram_water_room_temple

Skill      XL: |  1  2  3  4  5  6  7  8  9 10 |
---------------+-------------------------------+-----
Dodging        | 5 6 7 8 10 11 14 | 14.7
Long Blades    | 8 11 | 11.7
Fighting       | |  3.2
Stealth        | |  2.1

Action                   |  1- 3 |  4- 6 |  7- 9 | 10-12 || total
-------------------------+-------+-------+-------+-------++-------
Melee: Falchion          |   143 |   198 |   628 |   274 ||  1243
Invok: Fungal Bloom      |       |       |    21 |     7 ||    28
  Use: Scroll            |     8 |     3 |     8 |     4 ||    23
       Potion            |       |     1 |     7 |     2 ||    10
 Stab: Sleeping          |     4 |     2 |     7 |     7 ||    20
       Distracted        |       |       |     1 |       ||     1
  Eat: Chunk             |     3 |     4 |    15 |     5 ||    27
       Bread ration      |       |       |     1 |     1 ||     2
       Royal jelly       |       |       |     1 |       ||     1
Armor: Robe              |     2 |    13 |   111 |    38 ||   164
       Ring mail         |    45 |    22 |       |       ||    67
       Skin              |       |    31 |       |       ||    31
       Leather armour    |       |     1 |       |       ||     1
Dodge: Dodged            |   133 |   155 |   831 |   232 ||  1351
       Rpst.: Falchion   |    44 |    51 |   244 |    62 ||   401
